 Dungeon Crawl Stone Soup version 0.29.0-5-ge4962eb29e (webtiles) character file.

Game seed: 249568288796896985

1451 themarg the Trooper (level 8, -6/60 (67) HPs)
             Began as a Gnoll Wanderer on Aug 29, 2022.
             Was an Initiate of Hepliaklqana.
             Mangled by a wight
             ... wielding a +3 great sword of freezing
              (7 damage)
             ... on level 6 of the Dungeon.
             The game lasted 00:21:36 (7758 turns).

themarg the Trooper (Gnoll Wanderer)                Turns: 7758, Time: 00:21:39

HP:   -6/60 (67)    AC:  8    Str: 16    XL:     8   Next: 75%
MP:   22/22         EV: 12    Int: 20    God:    Hepliaklqana [......]
Gold: 1235          SH:  0    Dex: 11    Spells: 14/14 levels left

rFire   . . .      SeeInvis .   a - +2 mace
rCold   x . .      Faith    .   (no shield)
rNeg    . . .      Spirit   .   r - +1 leather armour of Magic {rC- Str+2 Int+8}
rPois   .          Reflect  .   B - +0 helmet
rElec   .          Harm     .   p - +1 cloak
rCorr   .          Rampage  .   (no gloves)
Will    +....                   c - +0 pair of boots
Stlth   +++.......              (no amulet)
HPRegen 0.20/turn               i - ring of magical power
MPRegen 0.18/turn               m - ring of willpower

@: heavily drained
A: fangs 1, strong nose, distributed training
a: Renounce Religion


You were on level 6 of the Dungeon.
You worshipped Hepliaklqana.
Hepliaklqana was noncommittal.
You visited 2 branches of the dungeon, and saw 7 of its levels.

You collected 1235 gold pieces.

Inventory:

Hand Weapons
 a - a +2 mace (weapon)
 j - a +2 dagger of draining
 u - a +2 short sword of venom
Missiles
 q - 2 curare-tipped darts (quivered)
Armour
 c - a +0 pair of boots (worn)
 p - a +1 cloak (worn)
 r - the +1 leather armour of Magic (worn) {rC- Str+2 Int+8}
   (You found it on level 3 of the Dungeon)

   Str:       It affects your strength (+2).
   Int:       It affects your intelligence (+8).
   rC:        It makes you vulnerable to cold.
 B - a +0 helmet (worn)
Jewellery
 i - a ring of magical power (left hand)
 m - a ring of willpower (right hand)
Scrolls
 b - a scroll of brand weapon
 f - 3 scrolls of teleportation
 g - a scroll of enchant weapon {unknown}
 o - a scroll of amnesia {unknown}
 t - a scroll of poison {unknown}
 w - a scroll of noise {unknown}
 x - a scroll of vulnerability {unknown}
 y - a scroll of fog {unknown}
Potions
 d - a potion of invisibility
 e - 2 potions of curing
 k - a potion of ambrosia {unknown}
 l - a potion of mutation {unknown}
 n - 4 potions of degeneration
 s - a potion of brilliance {unknown}
 v - 2 potions of lignification
 z - 2 potions of might {unknown}
 A - a potion of cancellation {unknown}
 C - a potion of berserk rage {unknown}


   Skills:
 + Level 7.6 Fighting
 + Level 3.7 Short Blades
 + Level 3.7 Long Blades
 + Level 3.7 Axes
 + Level 5.9 Maces & Flails
 + Level 3.7 Polearms
 + Level 5.9 Staves
 + Level 3.7 Ranged Weapons
 + Level 3.7 Throwing
 + Level 3.7 Armour
 + Level 3.7 Dodging
 + Level 7.1 Stealth
 + Level 3.7 Shields
 + Level 3.7 Unarmed Combat
 + Level 3.7 Spellcasting
 + Level 3.0 Conjurations
 + Level 3.0 Hexes
 + Level 3.0 Summonings
 + Level 3.0 Necromancy
 + Level 3.0 Translocations
 + Level 3.0 Transmutations
 + Level 3.0 Fire Magic
 + Level 3.0 Ice Magic
 + Level 3.0 Air Magic
 + Level 3.0 Earth Magic
 + Level 3.0 Poison Magic
 + Level 4.0 Invocations
 + Level 3.7 Evocations


You had 14 spell levels left.
You didn't know any spells.
Your spell library contained the following spells:

 Spells                   Type           Power      Damage    Failure   Level
 Call Canine Familiar     Summ           15%        N/A       14%         3
 Frozen Ramparts          Ice            30%        1d5       14%         3
 Portal Projectile        Hex/Tloc       30%        N/A       14%         3
 Ice Form                 Ice/Tmut       15%        N/A       41%         4
 Leda's Liquefaction      Hex/Erth       7%         N/A       41%         4
 Summon Ice Beast         Ice/Summ       15%        N/A       41%         4


Dungeon Overview and Level Annotations

Branches:
Dungeon (6/15)             Temple (1/1) D:6

Altars:
Ashenzari
Dithmenos
Hepliaklqana
Kikubaaqudgha
Nemelex Xobeh
Qazlal
Ru
Sif Muna
Trog
Uskayaw
Vehumet
Wu Jian
Xom
Yredelemnul
Zin
The Shining One

Annotations:
D:3 1 transporter, Smersh616's ghost, weakling OpSu
D:4 Eustachio


Innate Abilities, Weirdness & Mutations

You have very sharp teeth.
Your uncanny sense of smell can sniff out nearby items.
Your experience applies equally to all skills.


Message History

You hit Menkaure. You bite Menkaure, but do no damage.
Menkaure is lightly damaged.
Menkaure calls on the powers of darkness!
Your body is wracked with pain!
You thump Menkaure!
Menkaure is heavily damaged.
Menkaure closely misses you.
You sock Menkaure!
You destroy Menkaure!
Your Conjurations skill increases to level 3!
Your Hexes skill increases to level 3!
Your Summonings skill increases to level 3!
Your Necromancy skill increases to level 3!
Your Translocations skill increases to level 3!
Your Transmutations skill increases to level 3!
Your Fire Magic skill increases to level 3!
Your Ice Magic skill increases to level 3!
Your Air Magic skill increases to level 3!
Your Earth Magic skill increases to level 3!
Your Poison Magic skill increases to level 3!
Your Invocations skill increases to level 4!
You start resting.
HP restored.
The wight hits you with a +3 great sword of freezing!
You feel drained. The wight freezes you!
You hit the wight.
The wight is lightly damaged.
The wight closely misses you.
You closely miss the wight. You bite the wight, but do no damage.
The wight is lightly damaged.
The wight hits you with a +3 great sword of freezing!
You feel drained. The wight freezes you. The wight closely misses you.
You barely miss the wight.
The wight is lightly damaged.
The wight hits you with a +3 great sword of freezing!!
* * * LOW HITPOINT WARNING * * *
You feel drained.
* * * LOW HITPOINT WARNING * * *
The wight freezes you!
You die...

####.######.....#
#.######.....#
#......#)#####
######...#
##.################
#.)..........(....
#.################
######.## #.....@.#
#.....z.# #############
#.<.....###...........)
#...........##########.
#...............#####..
#.......#######........
######.......##
#########
#.............##
########## #<#
#.(........#
##)........


You could see a wight.

Vanquished Creatures
  Menkaure (D:6)
  2 black bears (D:5)
  An ogre (D:5)
  2 centaurs (D:6)
  A kobold brigand (D:5)
  2 scorpions
  4 wights
  A jelly (D:4)
  A gnoll bouda (D:6)
  A hound (D:5)
  Natasha (D:2)
  3 iguanas
  An orc wizard (D:4)
  9 gnolls
  7 adders
  A shadow imp (D:6)
  A white imp (D:6)
  An ufetubus (D:6)
  A worm (D:3)
  A dart slug (D:5)
  11 orcs
  11 endoplasms
  6 giant cockroaches
  10 goblins
  10 hobgoblins
  3 jackals (D:1)
  13 kobolds
  6 quokkas
  9 ball pythons
  4 bats
  5 frilled lizards
  3 rats
133 creatures vanquished.

Vanquished Creatures (others)
  25 plants
25 creatures vanquished.

Grand Total: 158 creatures vanquished

Notes
Turn   | Place    | Note
-------+----------+-------------------------------------------
     0 | D:1      | themarg the Gnoll Wanderer began the quest for the Orb.
     0 | D:1      | themarg set off with the following items: a +2 mace, a +0
                  | quarterstaff, a +0 pair of boots, a potion of invisibility,
                  | a +0 leather armour.
     0 | D:1      | Reached XP level 1. HP: 23/23 MP: 1/1
   213 | D:1      | Reached XP level 2. HP: 29/29 MP: 2/2
   634 | D:1      | Reached XP level 3. HP: 6/35 MP: 3/3
   927 | D:1      | Reached skill level 1 in Invocations
  1132 | D:1      | Reached skill level 1 in Short Blades
  1132 | D:1      | Reached skill level 1 in Long Blades
  1132 | D:1      | Reached skill level 1 in Axes
  1132 | D:1      | Reached skill level 1 in Polearms
  1132 | D:1      | Reached skill level 1 in Ranged Weapons
  1132 | D:1      | Reached skill level 1 in Throwing
  1132 | D:1      | Reached skill level 1 in Armour
  1132 | D:1      | Reached skill level 1 in Dodging
  1132 | D:1      | Reached skill level 1 in Shields
  1132 | D:1      | Reached skill level 1 in Unarmed Combat
  1132 | D:1      | Reached skill level 1 in Spellcasting
  1132 | D:1      | Reached skill level 1 in Evocations
  1548 | D:2      | Found a faded altar of an unknown god.
  1555 | D:2      | Reached XP level 4. HP: 31/41 MP: 5/5
  1689 | D:2      | Noticed Natasha
  1714 | D:2      | Killed Natasha
  1715 | D:2      | Reached skill level 1 in Conjurations
  1715 | D:2      | Reached skill level 1 in Hexes
  1715 | D:2      | Reached skill level 1 in Summonings
  1715 | D:2      | Reached skill level 1 in Necromancy
  1715 | D:2      | Reached skill level 1 in Translocations
  1715 | D:2      | Reached skill level 1 in Transmutations
  1715 | D:2      | Reached skill level 1 in Fire Magic
  1715 | D:2      | Reached skill level 1 in Ice Magic
  1715 | D:2      | Reached skill level 1 in Air Magic
  1715 | D:2      | Reached skill level 1 in Earth Magic
  1715 | D:2      | Reached skill level 1 in Poison Magic
  2145 | D:2      | Reached XP level 5. HP: 31/47 MP: 7/7
  2662 | D:3      | Identified the +1 leather armour of Magic {rC- Str+2 Int+8}
  2702 | D:3      | Found a transporter.
  2704 | D:3      | Noticed Smersh616's ghost (weakling OpSu)
  3298 | D:4      | Found a glowing golden altar of the Shining One.
  3303 | D:4      | Found a shimmering blue altar of Sif Muna.
  3306 | D:4      | Found a broken altar of Ashenzari.
  3309 | D:4      | Found a hide-covered altar of Uskayaw.
  3878 | D:4      | Reached XP level 6. HP: 51/53 MP: 8/8
  4110 | D:4      | Reached skill level 5 in Maces & Flails
  4110 | D:4      | Reached skill level 5 in Staves
  4155 | D:4      | HP: 1/53 [orc wizard/+0 trident of freezing (3)]
  4436 | D:4      | Noticed Eustachio
  4473 | D:4      | HP: 2/53 [quokka[Eustachio] (3)]
  4500 | D:4      | HP: 1/53 [quokka[Eustachio] (4)]
  5085 | D:5      | Entered Level 5 of the Dungeon
  5096 | D:5      | Found a shadowy altar of Dithmenos.
  5359 | D:5      | Identified a scroll of acquirement
  5363 | D:5      | Acquired 1006 gold pieces
  5528 | D:5      | Reached XP level 7. HP: 38/60 MP: 10/10
  6421 | D:6      | Noticed a steam dragon
  6440 | D:6      | Reached XP level 8. HP: 58/67 MP: 12/12
  7143 | D:6      | Found a staircase to the Ecumenical Temple.
  7158 | Temple   | Entered the Ecumenical Temple
  7158 | Temple   | Found a transporter.
  7158 | Temple   | Found a transporter.
  7196 | Temple   | Found a transporter.
  7196 | Temple   | Found a transporter.
  7229 | Temple   | Became a worshipper of Hepliaklqana the Forgotten
  7589 | D:6      | Noticed Menkaure
  7593 | D:6      | Killed Menkaure
  7758 | D:6      | HP: 1/60 [wight/+3 great sword of freezing (8)]
  7758 | D:6      | Mangled by a wight

Illustrated notes

Levels and vault maps discovered:
D:1:      elethiomel_arrival_maze, layout_loops_ring
D:2:      layout_rooms, hellmonk_ecumenical_altar_leap_of_faith, corexii_shack,
          uniq_natasha
D:3:      layout_loops_ring, gammafunk_ghost_mausoleum
D:4:      wad_woods_tower, layout_gridville, grunt_temple_overflow_cloverleaf,
          minivault_11, minmay_pentomino_pile, uniq_eustachio
D:5:      layout_rooms, grunt_dithmenos_smoke_and_mirrors,
          kennysheep_generic_room_11
D:6:      kennysheep_steamy, layout_rooms, minmay_temple_entry_offerings,
          serial_shops, nicolae_diamond_shop, uniq_menkaure
Temple:   hellmonk_temple_divided_pantheon

Skill      XL: |  1  2  3  4  5  6  7  8 |
---------------+-------------------------+-----
Stealth        | 6 7 |  7.1
Invocations    | 1 2 3 4 |  4.0
Short Blades   | 1 2 3 |  3.7
Long Blades    | 1 2 3 |  3.7
Axes           | 1 2 3 |  3.7
Polearms       | 1 2 3 |  3.7
Ranged Weapons | 1 2 3 |  3.7
Throwing       | 1 2 3 |  3.7
Armour         | 1 2 3 |  3.7
Dodging        | 1 2 3 |  3.7
Shields        | 1 2 3 |  3.7
Unarmed Combat | 1 2 3 |  3.7
Spellcasting   | 1 2 3 |  3.7
Evocations     | 1 2 3 |  3.7
Conjurations   | 1 2 3 |  3.0
Hexes          | 1 2 3 |  3.0
Summonings     | 1 2 3 |  3.0
Necromancy     | 1 2 3 |  3.0
Translocations | 1 2 3 |  3.0
Transmutations | 1 2 3 |  3.0
Fire Magic     | 1 2 3 |  3.0
Ice Magic      | 1 2 3 |  3.0
Air Magic      | 1 2 3 |  3.0
Earth Magic    | 1 2 3 |  3.0
Poison Magic   | 1 2 3 |  3.0
Maces & Flails | 5 |  5.9
Staves         | 5 |  5.9
Fighting       | 7 |  7.6

Action                   |  1- 3 |  4- 6 |  7- 9 || total
-------------------------+-------+-------+-------++-------
Melee: Mace              |    88 |   246 |   145 ||   479
       Punch             |     1 |     9 |     4 ||    14
       Bite              |     7 |    22 |    17 ||    46
  Use: Potion            |       |     4 |       ||     4
       Scroll            |       |     6 |     3 ||     9
 Stab: Sleeping          |     7 |    11 |     1 ||    19
       Distracted        |       |     1 |       ||     1
Armor: Leather armour    |    32 |   107 |    64 ||   203
Dodge: Dodged            |    70 |   163 |   129 ||   362
